 Dungeon Crawl Stone Soup version 0.29.1-15-g9cfb28693d (webtiles) character file.

Game seed: 12211263243224531756

39 hawla the Firebug (level 3, -13/26 HPs)
             Began as a Meteoran Fire Elementalist on Mar 5, 2023.
             Mangled by a gnoll
             ... wielding a +0 halberd
              (14 damage)
             ... on level 5 of the Dungeon.
             The game lasted 00:03:25 (367 turns).

hawla the Firebug (Meteoran Fire Elementalist)       Turns: 367, Time: 00:03:25

Health: -13/26     AC:  2    Str: 10    XL:     3   Next: 97%
Magic:  0/8        EV: 13    Int: 18    God:
Gold:   11         SH:  0    Dex: 14    Spells: 5/8 levels left

rFire   . . .      SeeInvis .   (no weapon)
rCold   . . .      Faith    .   (no shield)
rNeg    . . .      Spirit   .   a - +0 robe
rPois   .          Reflect  .   (no helmet)
rElec   .          Harm     .   (no cloak)
rCorr   .          Rampage  .   (no gloves)
Will    .....                   (no boots)
Stlth   +.........              (no amulet)
HPRegen 0.08/turn               b - ring of wizardry
MPRegen 0.11/turn               f - ring of wizardry

@: about to teleport, glowing
A: sense surroundings 1, otherworldly, glowing, explore regen
a: no special abilities


You were on level 5 of the Dungeon.
You visited 1 branch of the dungeon, and saw 5 of its levels.

You collected 11 gold pieces.

Inventory:

Armour
 a - a +0 robe (worn)
Jewellery
 b - a ring of wizardry (left hand)
 f - a ring of wizardry (right hand)
Scrolls
 e - a scroll of identify {unknown}


   Skills:
 + Level 2.9 Dodging
 - Level 1.4 Stealth
 + Level 3.1 Spellcasting
 + Level 1.4 Conjurations
 + Level 4.6 Fire Magic


You had 5 spell levels left.
You knew the following spells:

 Your Spells              Type           Power      Damage    Failure   Level
a - Foxfire               Conj/Fire      52%        2x1d6     1%          1
b - Scorch                Fire           38%        2d7       1%          2

Your spell library contained the following spells:

 Spells                   Type           Power      Damage    Failure   Level
 Magic Dart               Conj           32%        1d4       2%          1
 Searing Ray              Conj           16%        2d5       3%          2
 Sting                    Tmut/Pois      8%         1d3       4%          1
 Conjure Flame            Conj/Fire      13%        6-21      4%          3
 Static Discharge         Conj/Air       5%         3-4/arc   5%          2
 Inner Flame              Hex/Fire       11%        N/A       5%          3
 Ensorcelled Hibernation  Hex/Ice        4%         N/A       7%          2
 Passwall                 Tmut/Erth      1%         N/A       7%          2
 Poisonous Vapours        Pois/Air       4%         N/A       7%          2
 Flame Wave               Conj/Fire      13%        2d6       12%         4
 Sticky Flame             Conj/Fire      13%        2d4       12%         4
 Swiftness                Air            2%         N/A       13%         3
 Fulminant Prism          Conj/Hex       2%         3d6       28%         4
 Dispel Undead            Necr           2%         3d7       36%         4
 Olgreb's Toxic Radiance  Pois           2%         N/A       36%         4


Dungeon Overview and Level Annotations

Branches:
Dungeon (5/15) Zot: 2653
 Temple: D:4-7

Altars:
Okawaru


Innate Abilities, Weirdness & Mutations

You passively map a small area around you.
You are easily found by Zot.
You glow in the dark.
You regain HP and MP as you explore.


Message History

You kill the gnoll!
Unknown command.
A gnoll comes into view. It is wielding a +0 halberd.
A gnoll comes into view. It is wielding a +0 club.
You see here a +0 whip.
Casting: Scorch (safe; 1% risk of failure)
Confirm with . or Enter, or press ? or * to list all spells.
Flames lash the gnoll.
The gnoll is severely wounded.
The gnoll's fire resistance burns away.
The gnoll hits you from afar with a +0 halberd.
Unknown command.
Casting: Scorch (safe; 1% risk of failure)
Confirm with . or Enter, or press ? or * to list all spells.
You don't have enough magic to cast this spell.
Unknown command.
You aren't carrying any potions.
Casting: Scorch (safe; 1% risk of failure)
Confirm with . or Enter, or press ? or * to list all spells.
You conjure some foxfire!
The gnoll barely misses you. The gnoll hits you with a +0 club!
The foxfire hits the gnoll but does no damage.
The gnoll is severely wounded.
The gnoll hits you from afar with a +0 halberd.
* * * LOW HITPOINT WARNING * * *
The gnoll hits you with a +0 club.
* * * LOW HITPOINT WARNING * * *
Unknown command.
You aren't carrying any potions.
As you read the scroll labelled QIANIR WOUSCHA, it crumbles to dust.
It is a scroll of brand weapon.
The +0 whip is covered with a thin layer of ice! a +0 whip of freezing The gnoll barely misses you.
The gnoll closely misses you.
As you read the scroll labelled KETHOF KUTHRA, it crumbles to dust.
You feel strangely unstable.
It was a scroll of teleportation.
The gnoll is no longer more vulnerable to fire.
The gnoll hits you from afar with a +0 halberd!
Ouch! That really hurt!
You die...

,, ,*,
, , * *
** * ##
#.#
*#.# *
* *
*,#g#
##,#.##
#.###@#
*
#.#g##
* ,
,#.#.#
*
##.#.##
* * *
#.###.#
##.#.##
*~~ , *
,#.#.#
*
##.#.##
**
#.###.#
*


You could see 2 gnolls.

Vanquished Creatures
  An adder (D:3)
  A gnoll (D:5)
  5 orcs
  A giant cockroach (D:2)
  2 hobgoblins
  3 jackals (D:3)
  A kobold (D:3)
  A rat (D:2)
15 creatures vanquished.

Vanquished Creatures (others)
  32 foxfires
32 creatures vanquished.

Grand Total: 47 creatures vanquished

Notes
Turn   | Place    | Note
-------+----------+-------------------------------------------
     0 | D:1      | hawla the Meteoran Fire Elementalist began the quest for
                  | the Orb.
     0 | D:1      | Reached XP level 1. HP: 14/14 MP: 5/5
   109 | D:3      | Found an iron altar of Okawaru.
   137 | D:3      | Reached skill level 4 in Fire Magic
   137 | D:3      | Reached XP level 2. HP: 20/20 MP: 3/6
   198 | D:3      | Reached XP level 3. HP: 9/26 MP: 5/8
   201 | D:3      | Learned a level 2 spell: Scorch
   259 | D:4      | Noticed a scorpion
   278 | D:5      | Entered Level 5 of the Dungeon
   365 | D:5      | HP: 1/26 [gnoll/+0 club (4)]
   367 | D:5      | Mangled by a gnoll

Illustrated notes

Levels and vault maps discovered:
D:1:      dpeg_arrival_lava_temple_mockup, layout_loops_cross,
          ebering_ecumenical_altar_abandoned,
          nicolae_concentric_dashed_squares_wild, serial_bayou_ford_a
D:2:      layout_basic
D:3:      layout_basic, lemuel_crystal_altar, minmay_strange_pillars
D:4:      layout_rooms, minitemple
D:5:      layout_loops_ring, lemuel_tele_altar, nicolae_wu_jian_glorious_leap,
          minmay_temple_entry_poolview, serial_glass, glass_columns_a,
          glass_columns_b, st_stairs_1, roderic_roman_lattice

Skill      XL: |  1  2 |
---------------+-------+-----
Fire Magic     | 4 |  4.6
Spellcasting   | 3 |  3.1
Dodging        | |  2.9
Stealth        | |  1.4
Conjurations   | |  1.4

Action                   || total
-------------------------++-------
Melee: Unarmed           ||    11
 Cast: Foxfire           ||    25
       Scorch            ||     8
  Use: Potion            ||     2
       Scroll            ||     2
Armor: Robe              ||     3
Dodge: Dodged            ||    13
